 Dungeon Crawl Stone Soup version 0.25-a0-424-g80bd347ae0 (webtiles) character file.

Game seed: 3152351982967642297, levelgen mode: deterministic

48806 Nattfarinn the Martial Artist (level 14, -6/111 HPs)
             Began as a Merfolk Transmuter on Jan 23, 2020.
             Was a High Priest of Yredelemnul.
             Mangled by a frost giant
             ... wielding a +0 battleaxe of freezing
              (33 damage)
             ... in an ice cave.
             The game lasted 01:08:54 (18118 turns).

Nattfarinn the Martial Artist (Merfolk Transmuter) Turns: 18118, Time: 01:08:55

Health: -6/111     AC: 10    Str: 10    XL:     14   Next: 48%
Magic:  18/27      EV: 20    Int: 16    God:    Yredelemnul [*****.]
Gold:   1176       SH:  0    Dex: 14    Spells: 19/32 levels left

rFire    x . .     SeeInvis +     - Unarmed
rCold    + . .     Gourm    .   (shield currently unavailable)
rNeg     + + .     Faith    .   Q - +2 robe {rN+}
rPois    +         Spirit   .   T - +1 helmet
rElec    .         Reflect  .   D - +2 cloak
rCorr    .         Harm     .   (gloves currently unavailable)
MR       ++...                  k - +0 pair of boots
Stlth    +.........             n - amulet of regeneration
HPRegen  0.68/turn              h - ring of poison resistance
MPRegen  0.20/turn              O - ring of Vubru Ilaco {Ice rN+ MR+ Str-2 SInv}

@: blade hands
A: change form in water, swift swim, stealthy swim
a: End Transformation, Recall Undead Slaves, Injury Mirror, Animate Dead, Drain
Life, Enslave Soul, Renounce Religion


You were in an ice cave.
You worshipped Yredelemnul.
Yredelemnul was extremely pleased with you.
You were hungry.
You had blades for hands.
You visited 3 branches of the dungeon, and saw 21 of its levels.
You also visited: Ice Cave.

You collected 1312 gold pieces.
You spent 136 gold pieces at shops.

Inventory:

Hand Weapons
 q - the +6 mace "Putoc" (melded) {pain, +Rage rC+ Str-2 Dex+6}
   (You found it on level 8 of the Dungeon)

   In the hands of one skilled in necromantic magic, it inflicts extra damage on
   living creatures.
   It affects your strength (-2).
   It affects your dexterity (+6).
   It protects you from cold.
   It lets you go berserk.
Missiles
 a - 340 arrows
Armour
 k - a +0 pair of boots (worn)
 D - a +2 cloak (worn)
 P - a +0 pair of gloves (melded)
 Q - a +2 robe of positive energy (worn)
 T - a +1 helmet (worn)
Jewellery
 h - a ring of poison resistance (left scythe-like blade)
 n - an amulet of regeneration (around neck)
 y - an uncursed amulet of guardian spirit {unknown}
 E - an uncursed amulet of magic regeneration {unknown}
 K - a cursed ring of teleportation {unknown}
 O - the ring of Vubru Ilaco (right scythe-like blade) {Ice rN+ MR+ Str-2 SInv}
   (You found it on level 10 of the Dungeon)

   [ring of ice]

   It enhances your ice magic.
   It affects your strength (-2).
   It makes you vulnerable to fire.
   It protects you from cold.
   It protects you from negative energy.
   It affects your resistance to hostile enchantments.
   It lets you see invisible.
 R - an uncursed ring of stealth {unknown}
 S - a +1 ring of evasion {unknown}
 V - an uncursed ring of see invisible {unknown}
 X - an uncursed ring of protection from cold
 Y - an uncursed ring of protection from fire {unknown}
Wands
 b - a wand of paralysis (16)
 g - a wand of flame (14)
 o - a wand of iceblast (14)
 p - a wand of digging (5)
 r - a wand of clouds (9)
 x - a wand of disintegration (8)
 B - a wand of enslavement (6)
 G - a wand of acid (5)
 M - a wand of random effects (77)
Scrolls
 c - a scroll of fog
 e - 9 scrolls of remove curse
 f - 5 scrolls of enchant weapon
 l - 9 scrolls of teleportation
 F - a scroll of silence {unknown}
 H - 3 scrolls of fear
 I - 3 scrolls of immolation
 J - a scroll of identify
 L - a scroll of noise {unknown}
 W - 2 scrolls of amnesia
 Z - a scroll of acquirement {unknown}
Potions
 i - 3 potions of resistance
 j - 10 potions of curing
 m - a potion of magic
 s - 2 potions of berserk rage
 t - 5 potions of flight
 u - 2 potions of might
 v - 4 potions of brilliance {unknown}
 w - 2 potions of agility {unknown}
 A - 2 potions of lignification {unknown}
 C - a potion of mutation {unknown}
 U - a potion of ambrosia {unknown}
Comestibles
 d - 22 rations
 z - 12 chunks of flesh


   Skills:
 - Level 10.4 Fighting
 - Level 12.5 Dodging
 - Level 14.5 Unarmed Combat
 * Level 9.5 Spellcasting
 - Level 14.2 Transmutations
 - Level 4.0 Poison Magic
 - Level 5.7 Invocations


You had 19 spell levels left.
You knew the following spells:

 Your Spells              Type           Power        Failure   Level  Hunger
a - Beastly Appendage     Tmut           ######       4%          1    None
b - Spider Form           Tmut/Pois      #####.....   13%         3    None
c - Blade Hands           Tmut           ######....   14%         5    #####..
d - Ice Form              Ice/Tmut       #####...     32%         4    ###....

Your spell library contained the following spells:

 Spells                   Type           Power        Failure   Level  Hunger
 Sticks to Snakes         Tmut           ######..     5%          2    None
 Poisonous Vapours        Pois/Air       ##....       36%         2    None
 Animate Skeleton         Necr           N/A          45%         1    None
 Apportation              Tloc           #.....       45%         1    None
 Corona                   Hex            #......      45%         1    None
 Infusion                 Chrm           #...         45%         1    None
 Magic Dart               Conj           #...         45%         1    None
 Pain                     Necr           #...         45%         1    None
 Shock                    Conj/Air       #...         45%         1    None
 Summon Small Mammal      Summ           #...         45%         1    None
 Searing Ray              Conj           #.....       54%         2    None
 Shroud of Golubria       Chrm/Tloc      #.....       54%         2    None
 Song of Slaying          Chrm           #.......     54%         2    None
 Swiftness                Chrm/Air       #.......     54%         2    None
 Mephitic Cloud           Conj/Pois/Air  ##......     58%         3    None
 Olgreb's Toxic Radiance  Pois           ###.....     61%         4    ###....
 Conjure Flame            Conj/Fire      #.......     71%         3    None
 Dazzling Flash           Conj/Hex       #.....       71%         3    None
 Ozocubu's Armour         Chrm/Ice       ##......     71%         3    None
 Spectral Weapon          Hex/Chrm       #.......     71%         3    None
 Static Discharge         Conj/Air       #.......     71%         3    None
 Vampiric Draining        Necr           #.........   71%         3    None
 Animate Dead             Necr           N/A          95%         4    ###....
 Fulminant Prism          Conj/Hex       #.........   95%         4    ###....
 Iskenderun's Mystic Bla  Conj/Tloc      #.......     95%         4    ###....
 Agony                    Necr           #.......     99%         5    #####..
 Freezing Cloud           Conj/Ice/Air   ##........   100%        6    ######.
 Ring of Flames           Chrm/Fire      #.........   100%        7    #######
 Tornado                  Air            #.........   100%        9    #######


Dungeon Overview and Level Annotations

Branches:
Dungeon (14/15)            Temple (1/1) D:4            Lair (6/6) D:9
  Swamp (0/4) Lair:4       Spider (0/4) Lair:4        Slime (0/5) Lair:6
    Orc (0/2) D:10          IceCv (1/1)
 Vaults: D:13-14

Altars:
Ashenzari
Cheibriados
Fedhas
Gozag
Hepliaklqana
Kikubaaqudgha
Makhleb
Okawaru
Qazlal
Ru
Trog
Uskayaw
Vehumet
Wu Jian
Xom
Yredelemnul
Zin
The Shining One
Beogh

Shops:
D:4 *   D:7 }   D:9 **

Annotations:
D:2 exclusion: oklob plant


Message History

Yredelemnul accepts your kill. The yak closely misses you.
The frost giant hits you with a +0 battleaxe of freezing!!
The frost giant freezes you.
Things that are here:
a yak corpse x2
You slash the frost giant!
You slash the frost giant, but do no damage.
The frost giant is lightly wounded.
The yak misses you.
The frost giant hits you with a +0 battleaxe of freezing!!
* * * LOW HITPOINT WARNING * * *
The frost giant freezes you.
* * * LOW HITPOINT WARNING * * *
You feel much better.
The frost giant's soul is no longer ripe for the taking.
The yak gores you but does no damage.
The frost giant hits you with a +0 battleaxe of freezing!!
You die...
Your body rises from the dead as a mindless zombie.

##########
#######Z..##Z@C#
#..#...##ZZZ##Ykh# ###
#.Z##########hh..#
≈.#####..##≈≈≈≈≈≈##.....
#≈ZZ##Z.##≈≈≈≈≈≈≈≈##....
≈##ZZZ###≈≈≈≈≈≈≈### ..##
≈≈#####≈ZZ≈≈≈#### ##
≈#≈≈#≈≈≈###### ≈≈≈Z≈≈Z##


You could see a frost giant, 3 polar bears, a yak, a rime drake, a friendly wolf
zombie, a friendly wolf skeleton, a friendly yak skeleton and a friendly polar
bear skeleton.

Vanquished Creatures
  Rupert (Lair:5)
  Gastronok (D:12)
  A frost giant (D:13)
  An ettin (D:13)
  Josephine (D:10)
  5 hydras
  2 two-headed ogres
  6 death yaks
  A wizard (D:11)
  A deep elf mage (D:12)
  A lindwurm (Lair:5)
  Pikel (D:6)
  2 ugly things (D:11)
  A manticore (D:12)
  2 cyclopes
  2 black mambas
  A centaur zombie (D:13)
  7 spiny frogs
  3 kobold demonologists (D:13)
  A rime drake (IceCv)
  3 komodo dragons
  4 trolls
  11 polar bears
  3 meliai (D:13)
  4 hippogriffs
  A hornet (D:11)
  A bog body (Lair:4)
  2 slime creatures (D:12)
  A water elemental (D:13)
  5 wyverns
  37 yaks
  4 hogs (D:9)
  A human (D:9)
  5 wraiths
  3 hungry ghosts
  A steam dragon (D:7)
  A swamp worm (Lair:4)
  Duvessa (D:6)
  An acid dragon (D:11)
  2 porcupines
  6 water moccasins
  3 black bears
  9 orc warriors
  5 ogres
  A sky beast (D:13)
  3 phantoms
  6 wolves (IceCv)
  4 centaurs
  9 crocodiles
  A big kobold (D:12)
  Blork the orc (D:4)
  7 bullfrogs
  Dowan (D:6)
  5 scorpions
  35 killer bees
  8 wights
  2 electric eels
  6 howler monkeys
  2 lava snakes (Lair:5)
  6 crimson imps
  4 bullfrog zombies
  5 hounds
  A quasit (D:12)
  5 orc priests
  2 bullfrog skeletons
  2 jellies
  8 orc wizards
  Crazy Yiuf (D:6)
  7 iguanas
  12 worker ants
  A killer bee zombie (D:5)
  2 hound skeletons
  2 worker ant zombies
  Robin (D:4)
  15 adders
  3 shadow imps
  3 oozes
  An adder skeleton (D:4)
  A worm (Lair:4)
  A dart slug (D:2)
  6 leopard geckos
  55 orcs
  2 ball pythons
  2 giant cockroaches
  16 goblins
  10 hobgoblins
  22 jackals
  7 quokkas
  12 bats
  4 frilled lizards
  A jackal skeleton (D:8)
  7 kobolds
  A leopard gecko skeleton (D:5)
  A quokka skeleton (D:4)
  7 rats
  2 fungi (D:6)
484 creatures vanquished.

Vanquished Creatures (collateral kills)
  A yaktaur captain (D:13)
  2 hydras (Lair:3)
  A two-headed ogre (D:11)
  2 death yaks
  A hell knight (D:13)
  2 unseen horrors
  An ugly thing (D:13)
  A black mamba (Lair:5)
  3 spiny frogs
  A gargoyle (D:13)
  2 centaur skeletons
  2 komodo dragons
  A meliai (D:13)
  A slime creature (D:12)
  A bog body (Lair:4)
  A hippogriff (Lair:2)
  2 yaks
  A wraith (D:13)
  A wyvern (D:12)
  A swamp worm (Lair:4)
  A water moccasin (Lair:5)
  A porcupine (Lair:5)
  A hornet zombie (D:12)
  2 crocodiles
  5 bullfrogs
  A big kobold (D:13)
  A scorpion (Lair:1)
  A wight (D:13)
  18 killer bees (Lair:5)
  A hound (D:13)
  A worker ant (D:13)
  A hound zombie (D:9)
  A worker ant zombie (D:9)
  3 adders (D:12)
  11 orcs
  2 jackals (D:9)
  4 kobolds
  16 fungi
  6 plants
105 creatures vanquished.

Vanquished Creatures (others)
  A meliai zombie (D:13)
  A vampire (Lair:3)
  12 flying skulls
  2 wraiths
  A two-headed ogre zombie (D:13)
  An eye of draining (D:6)
  5 wolves (IceCv)
  2 yak zombies
  A yak skeleton (D:10)
  2 wights
  A wolf zombie (IceCv)
  A bullfrog skeleton (Lair:1)
  10 killer bee zombies
  2 crocodile zombies (Lair:1)
  2 mummies
  A scorpion zombie (Lair:1)
  A kobold zombie (D:13)
  11 orc zombies
  3 fungi (Lair:2)
  A plant (Lair:2)
61 creatures vanquished.

Grand Total: 650 creatures vanquished

Notes
Turn   | Place    | Note
-------+----------+-------------------------------------------
     0 | D:1      | Nattfarinn the Merfolk Transmuter began the quest for the
                  | Orb.
     0 | D:1      | Reached XP level 1. HP: 15/15 MP: 3/3
    72 | D:1      | Reached XP level 2. HP: 7/21 MP: 5/5
   579 | D:1      | Reached XP level 3. HP: 24/26 MP: 4/6
   597 | D:1      | Learned a level 3 spell: Spider Form
  1383 | D:2      | Found a faded altar of an unknown god.
  1433 | D:2      | Reached XP level 4. HP: 29/33 MP: 5/7
  1676 | D:2      | Reached skill level 1 in Poison Magic
  1737 | D:2      | Reached XP level 5. HP: 13/38 MP: 1/8
  2017 | D:2      | Found a glowing silver altar of Zin.
  2273 | D:2      | Found a blossoming altar of Fedhas.
  2290 | D:2      | Noticed an oklob plant
  2997 | D:4      | Noticed Robin
  3048 | D:4      | Reached XP level 6. HP: 38/45 MP: 2/9
  3049 | D:4      | Killed Robin
  3203 | D:4      | Reached skill level 5 in Unarmed Combat
  3220 | D:4      | Reached skill level 5 in Transmutations
  3279 | D:4      | Found Kyuja Kogg's General Store.
  3293 | D:4      | Bought a scroll of identify for 28 gold pieces
  3293 | D:4      | Bought a scroll of teleportation for 42 gold pieces
  3415 | D:4      | Reached XP level 7. HP: 13/51 MP: 7/10
  3497 | D:4      | Found a staircase to the Ecumenical Temple.
  3503 | D:4      | Noticed Blork the orc
  3518 | D:4      | Killed Blork the orc
  3524 | Temple   | Entered the Ecumenical Temple
  3635 | Temple   | Became a worshipper of Yredelemnul the Dark
  4006 | D:5      | Entered Level 5 of the Dungeon
  4101 | D:4      | Reached skill level 5 in Dodging
  4411 | D:5      | Reached XP level 8. HP: 33/60 MP: 5/11
  4593 | D:5      | Noticed a wyvern
  4601 | D:5      | Killed a wyvern
  4675 | D:5      | Reached * piety under Yredelemnul
  5444 | D:6      | Noticed Pikel
  5448 | D:6      | Learned a level 5 spell: Blade Hands
  5515 | D:6      | Killed Pikel
  5515 | D:6      | Reached XP level 9. HP: 52/66 MP: 2/12
  5615 | D:6      | Found a glowing silver altar of Zin.
  5721 | D:6      | Noticed Dowan
  5727 | D:6      | Noticed Duvessa
  5730 | D:6      | Killed Duvessa
  5730 | D:6      | Reached skill level 5 in Fighting
  5734 | D:6      | Killed Dowan
  5946 | D:6      | Found a bloodstained altar of Trog.
  6061 | D:6      | Found a runed translucent door.
  6062 | D:6      | Noticed Crazy Yiuf
  6068 | D:6      | Killed Crazy Yiuf
  6223 | D:7      | Reached ** piety under Yredelemnul
  6403 | D:7      | Reached skill level 10 in Transmutations
  6425 | D:7      | Reached XP level 10. HP: 59/76 MP: 5/13
  6638 | D:7      | Found a burning altar of Makhleb.
  6721 | D:7      | Found Jycaloh's Gadget Emporium.
  6790 | D:8      | Got a scorched mace
  6791 | D:8      | Identified the +6 mace "Putoc" {pain, +Rage rC+ Str-2
                  | Dex+6} (You found it on level 8 of the Dungeon)
  7150 | D:8      | Noticed a cyclops
  7156 | D:8      | Killed a cyclops
  7511 | D:9      | Found a roughly hewn altar of Beogh.
  7541 | D:9      | Reached *** piety under Yredelemnul
  7653 | D:9      | Reached skill level 10 in Unarmed Combat
  7654 | D:9      | Received a gift from Yredelemnul (a wight)
  7706 | D:9      | Found Gozag's Platinum Reserve.
  7708 | D:9      | Found an opulent altar of Gozag.
  7737 | D:9      | Found a staircase to the Lair.
  8010 | D:9      | Found Xinee's General Store.
  8019 | D:9      | Bought 2 potions of curing for 66 gold pieces
  8038 | D:9      | Received a gift from Yredelemnul (a mummy)
  8126 | D:9      | Reached XP level 11. HP: 73/84 MP: 4/14
  8129 | D:9      | Found a sacrificial altar of Ru.
  8240 | D:10     | Entered Level 10 of the Dungeon
  8287 | D:10     | Got a transparent bone ring
  8531 | D:10     | Noticed Josephine
  8546 | D:10     | Killed Josephine
  8549 | D:10     | Reached **** piety under Yredelemnul
  8638 | D:10     | Found a staircase to the Orcish Mines.
  8998 | D:11     | Noticed a green ugly thing
  9005 | D:11     | Killed a green ugly thing
  9122 | D:11     | Received a gift from Yredelemnul (3 flying skulls)
  9123 | D:11     | Noticed a wizard
  9130 | D:11     | Killed a wizard
  9384 | D:11     | Noticed a purple ugly thing
  9390 | D:11     | Killed a purple ugly thing
  9402 | D:11     | Reached skill level 10 in Dodging
  9583 | D:11     | Received a gift from Yredelemnul (a mummy)
  9619 | D:11     | Noticed a two-headed ogre
  9627 | D:11     | Killed a two-headed ogre
  9750 | D:12     | Noticed a manticore
  9865 | D:12     | Killed a manticore
  9904 | D:12     | Noticed a deep elf mage
  9909 | D:12     | Killed a deep elf mage
  9914 | D:12     | Received a gift from Yredelemnul (5 flying skulls)
 10074 | D:12     | Reached XP level 12. HP: 54/93 MP: 11/15
 10304 | D:12     | Noticed Gastronok
 10315 | D:12     | Killed Gastronok
 10465 | D:12     | Noticed a two-headed ogre
 10475 | D:12     | Killed a two-headed ogre
 10700 | D:13     | Reached skill level 1 in Invocations
 10881 | D:13     | Found a shattered altar of Ashenzari.
 10972 | D:13     | Noticed a two-headed ogre
 10983 | D:13     | Reached ***** piety under Yredelemnul
 10985 | D:13     | Killed a two-headed ogre
 11051 | D:13     | Received a gift from Yredelemnul (a wight)
 11280 | D:13     | Received a gift from Yredelemnul (a wraith)
 11429 | D:13     | Noticed an ettin
 11435 | D:13     | Killed an ettin
 11436 | D:13     | Noticed a hell knight
 11444 | D:13     | Killed a hell knight
 11577 | D:13     | Noticed a yaktaur captain
 11594 | D:13     | Killed a yaktaur captain
 11709 | D:13     | Identified Cinuxech's Catalogue of Virous Lightness
 11775 | D:13     | Identified the ring of Vubru Ilaco {Ice rN+ MR+ Str-2 SInv}
                  | (You found it on level 10 of the Dungeon)
 11900 | D:13     | Noticed a frost giant
 11910 | D:13     | Killed a frost giant
 11910 | D:13     | Reached XP level 13. HP: 14/101 MP: 11/16
 12130 | Lair:1   | Entered Level 1 of the Lair of Beasts
 12262 | Lair:1   | You fall into a shaft and drop 1 floor!
 13350 | Lair:2   | Reached skill level 10 in Fighting
 13455 | Lair:2   | Reached skill level 5 in Invocations
 13456 | Lair:2   | Received a gift from Yredelemnul (4 flying skulls)
 13990 | Lair:2   | Received a gift from Yredelemnul (a vampire)
 15506 | Lair:4   | Found a hole to the Spider Nest.
 15785 | Lair:4   | Received a gift from Yredelemnul (a skeletal warrior)
 16054 | Lair:4   | Learned a level 4 spell: Ice Form
 16059 | Lair:4   | Reached skill level 5 in Spellcasting
 16245 | Lair:4   | Found a staircase to the Swamp.
 16586 | Lair:5   | Reached XP level 14. HP: 65/111 MP: 17/23
 16774 | Lair:5   | Noticed Rupert
 16785 | Lair:5   | Killed Rupert
 16897 | Lair:5   | Received a gift from Yredelemnul (a wraith)
 17557 | Lair:6   | Entered Level 6 of the Lair of Beasts
 17610 | Lair:6   | Found a frozen archway.
 17614 | IceCv    | Entered an ice cave
 17774 | IceCv    | Received a gift from Yredelemnul (a wraith)
 18094 | IceCv    | Noticed a frost giant
 18118 | IceCv    | Mangled by a frost giant

Levels and vault maps discovered:
D:1:      nicolae_arrival_washed_ashore, layout_basic, minmay_statues_item
D:2:      layout_loops_ring, lemuel_crystal_altar, first_ration,
          chequers_ecumenical_altar_island, tgw_fedhas
D:3:      layout_loops_cross
D:4:      layout_basic, minmay_temple_entry_arrows, serial_shops,
          nicolae_shop_waterfront, uniq_robin, uniq_blork_the_orc
D:5:      cheibrodos_fzero, layout_loops_corners
D:6:      layout_basic, trog_eyes_of_draining, basic_altar,
          hangedman_abyss_or_decor_stagger, hangedman_decor_growths, uniq_pikel,
          uniq_crazy_yiuf_cottage, uniq_duvessa
D:7:      layout_rooms, nicolae_overflow_crystal_walls, serial_shops,
          kennysheep_mini_moat
D:8:      wad_cavern_with_rooms, layout_rooms
D:9:      layout_roguey [special_room_orc], lemuel_coloured_pillars_altar,
          lair_entry_dummy, serial_shops, shop, grunt_livestock,
          nicolae_gozag_zags_fifth_avenue
D:10:     layout_roguey, orc_0_dummy, serial_corexii_hall,
          corexii_hall_statues_x, corexii_hall_statues_l,
          kennysheep_generic_room_8, uniq_josephine
D:11:     layout_roguey
D:12:     layout_irregular_city, uniq_gastronok
D:13:     cross_vault, layout_small_grid, drop_trap, ashenzari_altar_1
D:14:     layout_gridville, david_vaults_4, uniq_agnes
Temple:   dpeg_five_rooms_temple
Lair:1:   layout_chaotic_city, lemuel_old_faithful
Lair:2:   layout_chaotic_city
Lair:3:   layout_layer_cave
Lair:4:   layout_concentric_octagons, nicolae_swamp_entry_splash_gauntlet,
          nicolae_spider_entry_non_spiders, beast_lair_carwin_9
Lair:5:   wad_woods_minihive, layout_gridlike, nicolae_quartered_pool_medium,
          chequers_serial_rivers_small_a, beast_lair_carwin_2,
          lemuel_fruit_tree, uniq_rupert
Lair:6:   evilmike_catoblepas_cave, layout_small_grid, dpeg_slime_entry_corner,
          portal_ice_cave_entry_pillars_2, lightli_volcano_entry_magma_tube
IceCv:    ice_cave_caverns_03

Skill      XL: |  1  2  3  4  5  6  7  8  9 10 11 12 13 14 |
---------------+-------------------------------------------+-----
Dodging        | 3 4 5 6 7 9 10 11 12 | 12.5
Transmutations | 3 4 5 6 8 10 12 13 14 | 14.2
Unarmed Combat | 4 5 6 7 9 10 12 13 14 | 14.5
Poison Magic   | 1 2 3 4 |  4.0
Fighting       | 2 3 4 5 7 8 9 10 | 10.4
Invocations    | 3 5 |  5.7
Spellcasting   | 6 9 |  9.5

Action                   |  1- 3 |  4- 6 |  7- 9 | 10-12 | 13-15 || total
-------------------------+-------+-------+-------+-------+-------++-------
Melee: Unarmed           |   116 |   222 |   260 |   380 |   341 ||  1319
       Headbutt          |    12 |     1 |       |       |       ||    13
       Punch             |     3 |       |     5 |    19 |    17 ||    44
       Mace              |       |       |       |    82 |    93 ||   175
       Tailslap          |       |       |       |       |     1 ||     1
 Cast: Beastly Appendage |     8 |     7 |       |     1 |       ||    16
       Spider Form       |       |    19 |    21 |       |     7 ||    47
       Blade Hands       |       |       |    11 |    51 |    35 ||    97
       Ice Form          |       |       |       |       |     1 ||     1
Invok: Animate Dead      |       |       |       |    24 |    26 ||    50
       Drain Life        |       |       |       |       |     5 ||     5
       Injury Mirror     |       |       |       |       |     3 ||     3
       Recall Undead Sla |       |       |       |       |     3 ||     3
       Enslave Soul      |       |       |       |       |     1 ||     1
  Use: Potion            |       |     1 |     2 |       |     2 ||     5
       Scroll            |       |       |    13 |     5 |     8 ||    26
 Stab: Sleeping          |     1 |       |       |     3 |       ||     4
       Distracted        |       |       |       |     5 |     6 ||    11
  Eat: Chunk             |     2 |     9 |    17 |    35 |    18 ||    81
       Ration            |       |       |       |     3 |     7 ||    10
Armor: Robe              |    29 |    17 |    31 |    68 |    50 ||   195
       Skin              |       |     7 |     4 |       |     3 ||    14
Dodge: Dodged            |   100 |   190 |   272 |   400 |   473 ||  1435

Table legend:
 A = Non-vault XP
 B = Vault XP
 C = Vault XP percentage of total XP
 D = Non-vault monster count
 E = Vault monster count
 F = Vault count percentage of total count
                 A         B        C        D         E       F
            +---------+---------+-------+---------+---------+-------
      Total |   41408 |   28315 |  40.6 |     385 |     180 |  31.9
            +---------+---------+-------+---------+---------+-------
        D:1 |      47 |       0 |   0.0 |      24 |       0 |   0.0
        D:2 |     132 |       0 |   0.0 |      31 |       0 |   0.0
        D:3 |      55 |       0 |   0.0 |      16 |       0 |   0.0
        D:4 |     475 |     209 |  30.6 |      29 |      18 |  38.3
        D:5 |     802 |     280 |  25.9 |      20 |       4 |  16.7
        D:6 |     624 |     886 |  58.7 |      11 |       6 |  35.3
        D:7 |    1235 |       0 |   0.0 |      16 |       0 |   0.0
        D:8 |    1059 |     613 |  36.7 |      20 |       4 |  16.7
        D:9 |    1622 |    1368 |  45.8 |      25 |      32 |  56.1
       D:10 |    1941 |    1640 |  45.8 |      15 |       5 |  25.0
       D:11 |    3715 |       0 |   0.0 |      27 |       0 |   0.0
       D:12 |    4299 |    1534 |  26.3 |      26 |       1 |   3.7
       D:13 |    5216 |    4416 |  45.8 |      48 |       6 |  11.1
     Lair:1 |    3819 |       0 |   0.0 |      18 |       0 |   0.0
     Lair:2 |    8929 |       0 |   0.0 |      26 |       0 |   0.0
     Lair:3 |    3352 |       0 |   0.0 |      13 |       0 |   0.0
     Lair:4 |    1851 |    2392 |  56.4 |       8 |      16 |  66.7
     Lair:5 |    2023 |    6557 |  76.4 |      10 |      53 |  84.1
     Lair:6 |     212 |     835 |  79.8 |       2 |       1 |  33.3
      IceCv |       0 |    7585 | 100.0 |       0 |      34 | 100.0
            +---------+---------+-------+---------+---------+-------
